 Dungeon Crawl Stone Soup version 0.31-a0-1425-g903e00c (webtiles) character file.

Game seed: 9277811106071892350

839 edsrzf the Conjurer (level 8, 0/54 HPs)
             Began as an Octopode Hedge Wizard on Dec 26, 2023.
             Slain by Edmund
             ... wielding a +3 dire flail of holy wrath
              (10 damage)
             ... on level 5 of the Dungeon.
             The game lasted 00:07:17 (5119 turns).

edsrzf the Conjurer (Octopode Hedge Wizard)         Turns: 5119, Time: 00:07:18

Health: 0/54       AC:  1    Str:  9    XL:     8   Next: 0%
Magic:  12/15      EV: 13    Int: 19    God:
Gold:   265        SH:  0    Dex: 11    Spells: 15/17 levels left

rFire   . . .        b - +2 dagger (speed)
rCold   . . .        (no shield)
rNeg    . . .        n - +0 hat
rPois   .            (no amulet)
rElec   .            r - ring of resist corrosion
rCorr   +            (no ring)
SInv    .            (no ring)
Will    .....        (no ring)
Stlth   +++          (no ring)
HPRegen 0.29/turn    (no ring)
MPRegen 0.14/turn    (no ring)
                     (no ring)

%: no passive effects
@: no status effects
A: almost no armour, amphibious, 8 rings, camouflage 1, gelatinous body 1,
(nimble swimmer 1), tentacles
a: no special abilities


You were on level 5 of the Dungeon.
You visited 1 branch of the dungeon, and saw 5 of its levels.

You collected 279 gold pieces.
You spent 14 gold pieces at shops.

Inventory:

Hand Weapons
 a - a +1 short sword of venom
 b - a +2 dagger of speed (weapon)
Missiles
 f - 17 poisoned darts
Armour
 n - a +0 hat (worn)
Jewellery
 r - a ring of resist corrosion (left tentacle)
 u - a ring of poison resistance
 v - a ring of magical power
Wands
 l - a wand of polymorph (12)
 t - a wand of paralysis (12)
 w - a wand of roots (9)
Scrolls
 d - 3 scrolls of immolation {unknown}
 e - 3 scrolls of noise {unknown}
 h - 7 scrolls of identify {unknown}
 i - 2 scrolls of brand weapon {unknown}
 m - 2 scrolls of fear {unknown}
 o - a scroll of teleportation {unknown}
 p - a scroll of vulnerability {unknown}
 s - 2 scrolls of enchant weapon {unknown}
Potions
 c - a potion of magic
 g - a potion of curing
 j - a potion of brilliance {unknown}
 k - a potion of enlightenment {unknown}
 q - a potion of ambrosia {unknown}
 x - 2 potions of haste {unknown}
 z - a potion of berserk rage {unknown}


   Skills:
 + Level 4.2 Fighting
 - Level 2.0 Dodging
 - Level 2.6 Stealth
 + Level 5.0 Spellcasting
 - Level 6.0 Conjurations
 - Level 1.0 Summonings
 - Level 1.0 Translocations


You had 15 spell levels left.
You knew the following spells:

 Your Spells              Type           Power      Damage    Failure   Level
s - Slow                  Hex            16%        N/A       12%         1
X - Magic Dart            Conj           100%       1d8       1%          1

Your spell library contained the following spells:

 Spells                   Type           Power      Damage    Failure   Level
 Shock                    Conj/Air       64%        1d7       3%          1
 Blink                    Tloc           16%        N/A       12%         2
 Call Imp                 Summ           16%        N/A       12%         2
 Mephitic Cloud           Conj/Alch/Air  12%        N/A       16%         3
 Cigotuvi's Dreadful Rot  Necr/Alch/Air  8%         N/A       19%         2
 Swiftness                Air            4%         N/A       36%         3
 Airstrike                Air            2%         2d(1-17)  77%         4


Dungeon Overview and Level Annotations

Branches:
Dungeon (5/15)
 Temple: D:4-7

Altars:

Shops:
D:5 **

Annotations:
D:3 2 transporters, gwaga3's ghost, amateur FoHu
D:5 Edmund


Innate Abilities, Weirdness & Mutations

You cannot wear most types of armour.
You are amphibious.
You can wear up to eight rings at the same time.
Your skin changes colour to match your surroundings (Stealth+).
Your rubbery body absorbs attacks. (AC +1, EV +1)
((You are camouflaged when in or above water. (Stealth+)))
You have tentacles for arms and can constrict up to eight enemies at once.


Message History

Your Spellcasting skill increases to level 5!
Unknown command.
d - 3 scrolls labelled JILEEDGHEIMU (gained 1)
s - 2 scrolls labelled FEGESCHY ATHRI (gained 1)
You now have 265 gold pieces (gained 10).
Things that are here:
a +0 short sword; a +0 ring mail You see here 3 boomerangs.
Partly explored, can't reach some items and places.
Okay, then.
Press: ? - help, v - describe, . - travel, g - get item Item here: a jewelled spear.
The floor.
Press: ? - help, . - travel You can't see that place. [the floor.]
Things that are here:
a +0 short sword; a +0 ring mail An adder comes into view.
Casting: Magic Dart (safe; 1% risk of failure)
Confirm with . or Enter, or press ? or * to list all spells.
The magic dart hits the adder.
The adder is moderately wounded.
The adder hisses angrily.
Casting: Magic Dart (safe; 1% risk of failure)
Confirm with . or Enter, or press ? or * to list all spells.
The magic dart hits the adder.
The adder is severely wounded.
Casting: Magic Dart (safe; 1% risk of failure)
Confirm with . or Enter, or press ? or * to list all spells.
The magic dart hits the adder!
You kill the adder!
You have reached level 8!
Unknown command.
What level of the Dungeon? (default 5, ? - help)
Okay, then.
Edmund shouts!
You barely miss Edmund. Your grab misses Edmund.
Edmund hits you with a +3 dire flail of holy wrath.
You hit Edmund.
Edmund is poisoned.
You grab Edmund.
Edmund is lightly wounded.
You constrict Edmund.
Edmund hits you with a +3 dire flail of holy wrath.
You completely miss Edmund. You squeeze Edmund.
Edmund is lightly wounded.
You constrict Edmund, but do no damage. Edmund barely misses you.
You hit Edmund.
Edmund looks as sick as possible!
Edmund is moderately wounded.
You constrict Edmund.
Edmund hits you with a +3 dire flail of holy wrath!
Press: ? - help, v - describe, . - travel The floor.
Reduced exclusion size to a single square.
Removed exclusion.
Unknown command.
You hit Edmund.
Edmund looks as sick as possible!
Edmund is moderately wounded.
You constrict Edmund, but do no damage.
Edmund hits you with a +3 dire flail of holy wrath.
Your +1 short sword of venom stops dripping with poison.
Your tentacles tingle!
b - a +2 dagger of speed (weapon)
You constrict Edmund, but do no damage. You hit Edmund.
Edmund is heavily wounded.
You constrict Edmund.
Edmund hits you with a +3 dire flail of holy wrath!
You hit Edmund.
Edmund is heavily wounded.
You constrict Edmund.
Okay, then.
Casting: Magic Dart (safe; 1% risk of failure)
Confirm with . or Enter, or press ? or * to list all spells.
Aiming: Slow (safe; 12% risk of failure)
Press: ? - help, Shift-Dir - straight line, f - Edmund
Aim: Edmund, wielding a +3 dire flail of holy wrath and wearing a +0 scale mail (severely wounded, constricted by you, extremely poisoned, chance to affect: 37%) Edmund easily resists.
You constrict Edmund, but do no damage. Edmund barely misses you.
Casting: Slow (safe; 12% risk of failure)
Confirm with . or Enter, or press ? or * to list all spells.
Aiming: Slow (safe; 12% risk of failure)
Press: ? - help, Shift-Dir - straight line, f/p - Edmund
Aim: Edmund, wielding a +3 dire flail of holy wrath and wearing a +0 scale mail (severely wounded, constricted by you, extremely poisoned, chance to affect: 37%) Edmund easily resists.
You constrict Edmund, but do no damage.
Edmund hits you with a +3 dire flail of holy wrath!
* * * LOW HITPOINT WARNING * * *
It was a potion of curing.
You feel better.
You constrict Edmund. Edmund barely misses you.
Casting: Slow (safe; 12% risk of failure)
Confirm with . or Enter, or press ? or * to list all spells.
Okay, then.
Casting: Slow (safe; 12% risk of failure)
Confirm with . or Enter, or press ? or * to list all spells.
Aiming: Slow (safe; 12% risk of failure)
Press: ? - help, Shift-Dir - straight line, f/p - Edmund
Aim: Edmund, wielding a +3 dire flail of holy wrath and wearing a +0 scale mail (almost dead, constricted by you, very poisoned, chance to affect: 37%) Edmund easily resists.
You constrict Edmund, but do no damage.
Edmund hits you with a +3 dire flail of holy wrath!
You die...
Edmund says, "That'll show my brother!"

#...# #.####.# # #...#
#......# ######>..######
#.###### #.(...........###.##
# ...................# ##
#....>........###.## #.# #.
######...###### #.# #.# ##
#...# ####.####.# # #...#
#..@....#.#### #...#
#.##@#.......# #...# #.#
..).#.##.#
###.######.##.###..##.####
#.......##.#.## #.......####
#.##.......#.# #...........
#####.##.##.##...##
##....##.####
....#.##..........###..#####.#
......#.....##.##....#.#####.#


You could see Edmund (very poisoned).

Vanquished Creatures
  Grinder (D:3)
  Sigmund (D:2)
  A phantom (D:4)
  A scorpion (D:4)
  A bombardier beetle (D:3)
  Crazy Yiuf (D:2)
  3 hounds
  13 adders
  A white imp (D:5)
  A worm (D:2)
  2 dart slugs
  2 orcs (D:5)
  6 bats
  12 endoplasms
  A giant cockroach (D:3)
  6 goblins
  2 hobgoblins
  7 kobolds
  2 quokkas
  4 ball pythons
  A frilled lizard (D:2)
  8 rats
77 creatures vanquished.

Notes
Turn   | Place    | Note
-------+----------+-------------------------------------------
     0 | D:1      | edsrzf the Octopode Hedge Wizard began the quest for the
                  | Orb.
     0 | D:1      | Reached XP level 1. HP: 11/11 MP: 4/4
   218 | D:1      | Reached skill level 2 in Conjurations
   218 | D:1      | Reached XP level 2. HP: 5/17 MP: 6/6
   712 | D:2      | Reached skill level 3 in Conjurations
   712 | D:2      | Reached XP level 3. HP: 15/21 MP: 7/7
   738 | D:2      | Identified 2 potions of heal wounds
   762 | D:2      | Noticed Sigmund
   829 | D:2      | Learned a level 1 spell: Slow
   971 | D:2      | Killed Sigmund
   972 | D:2      | Reached skill level 5 in Conjurations
   972 | D:2      | Reached XP level 4. HP: 27/27 MP: 5/8
   972 | D:2      | Reached XP level 5. HP: 31/31 MP: 5/9
  1111 | D:2      | Found a runed translucent door.
  1112 | D:2      | Noticed Crazy Yiuf
  1817 | D:2      | Killed Crazy Yiuf
  1818 | D:2      | Reached skill level 6 in Conjurations
  1818 | D:2      | Reached XP level 6. HP: 35/36 MP: 8/10
  1980 | D:3      | Found a transporter.
  1980 | D:3      | Noticed gwaga3's ghost (amateur FoHu)
  1981 | D:3      | Identified the +7 giant club of Abomination {flame, rCorr}
  2000 | D:3      | Found a transporter.
  2428 | D:3      | Reached skill level 1 in Fighting
  2630 | D:3      | Noticed Grinder
  2641 | D:3      | Paralysed by Grinder for 2 turns
  2645 | D:3      | Paralysed by Grinder for 3 turns
  2655 | D:3      | Killed Grinder
  2656 | D:3      | Reached skill level 2 in Fighting
  2656 | D:3      | Reached skill level 4 in Spellcasting
  2656 | D:3      | Reached XP level 7. HP: 27/45 MP: 9/13
  3026 | D:4      | Reached skill level 3 in Fighting
  3975 | D:5      | Entered Level 5 of the Dungeon
  4130 | D:5      | Found Juxegoce's General Store.
  4132 | D:5      | Found Huteeken's Specific Store.
  4138 | D:5      | Reached skill level 4 in Fighting
  4167 | D:5      | Bought a potion of degeneration for 14 gold pieces
  4375 | D:5      | Noticed Edmund
  4751 | D:5      | Reached skill level 5 in Spellcasting
  5089 | D:5      | Reached XP level 8. HP: 54/54 MP: 11/15
  5118 | D:5      | Identified 2 potions of curing
  5119 | D:5      | Slain by Edmund

Illustrated notes

Levels and vault maps discovered:
D:1:      wander_arrival_fairy_ring, layout_rooms
D:2:      layout_loops_ring, uniq_sigmund, uniq_crazy_yiuf_cottage
D:3:      minmay_diamond_boxcup, layout_basic, gammafunk_ghost_smash,
          uniq_grinder
D:4:      layout_basic
D:5:      layout_loops_cross, nicolae_specific_store, uniq_edmund

Skill      XL: |  1  2  3  4  5  6  7 |
---------------+----------------------+-----
Conjurations   | 2 3 5 6 |  6.0
Fighting       | 2 4 |  4.2
Spellcasting   | 4 5 |  5.0
Dodging        | |  2.0
Stealth        | |  2.6
Summonings     | |  1.0
Translocations | |  1.0

Action                     |  1- 3 |  4- 6 |  7- 9 || total
---------------------------+-------+-------+-------++-------
  Melee: Dagger            |    24 |       |    15 ||    39
         Tentacles         |     5 |     5 |    11 ||    21
         Constrict         |     5 |     9 |     6 ||    20
         Short sword       |     7 |    34 |    22 ||    63
         Unarmed           |       |     2 |       ||     2
         Punch             |       |     1 |       ||     1
   Cast: Magic Dart        |    32 |    38 |    50 ||   120
         Slow              |     1 |     2 |     3 ||     6
    Use: Potion            |     2 |     1 |     1 ||     4
   Stab: Sleeping          |     5 |     1 |     1 ||     7
 Armour: Skin              |    19 |    14 |    20 ||    53
  Dodge: Dodged            |    14 |    17 |    16 ||    47

Table legend: (Time is in decaauts)
 A = Elapsed time spent in this place.
 B = Non-inter-level travel time spent in this place.
 C = Inter-level travel time spent in this place.
 D = Time resting spent in this place.
 E = Time spent auto-exploring this place.
 F = Levels seen in this place.
 G = Mean time per level.
                   A        B        C        D        E       F      G
               +--------+--------+--------+--------+--------+-----+--------+
         Total |   5109 |   4946 |    163 |    442 |   3945 |   5 | 1021.8 |
       Dungeon |   5109 |   4946 |    163 |    442 |   3945 |   5 | 1021.8 |
               +--------+--------+--------+--------+--------+-----+--------+

Top non-repeatable levels by time:
     D:2: 1252 daAuts
     D:5: 1142 daAuts
     D:3: 1054 daAuts
     D:4: 1016 daAuts
     D:1: 643 daAuts
